AoeStats
← AriseFairTurtle

Nomad

509790471Analyzed
3v3 RM · 5d ago on Sep 28, 2026· 33m 12s· 6 players
Game mode
Random Map
Map size
210×210
Population
200
Speed
Normal
Resources
Standard
Victory
Conquest
Starting age
Dark Age
Ending age
Imperial Age
RankedLock teamsTeams togetherTeam positionsShared explorationLock speedFull tech treeHidden civsTurbo modeCheats
Victory
Defeat
🇺🇸 Huns · United States
904
+14
🇺🇸 Varangians · United States
876
+15
🇺🇸 Ethiopians · United States
876
+15
🇺🇸 Dravidians · United States
893
-45
🇺🇸 Japanese · United States
881
-24
🇺🇸 Celts · United States
814
-35
PedroTheGreat46
9:42 Loom
13:19 Feudal Age
16:11 Horse Collar
16:21 Double-Bit Axe
17:02 Man-at-Arms
17:54 Fishing Lines
18:53 Forging
23:38 Gold Mining
28:13 Castle Age
AriseFairTurtle
19:26 Feudal Age
20:49 Wheelbarrow
thernh
5:29 Loom
19:47 Feudal Age
21:32 Stone Mining
21:30 Double-Bit Axe
21:30 Horse Collar
22:01 Fishing Lines
26:38 Castle Age
27:10 Scale Mail Armor
27:21 Pikeman
28:53 Wheelbarrow
28:07 Town Watch
[PLGRS]MrMeseeks
10:30 Loom
16:25 Feudal Age
22:52 Castle Age
20:43 Arson
20:52 Double-Bit Axe
24:07 Scale Mail Armor
24:19 Forging
[PLGRS]socrates'11
17:32 Feudal Age
15:47 Loom
18:32 Double-Bit Axe
19:07 Fletching
20:14 Horse Collar
24:13 Castle Age
24:32 Scale Barding Armor
28:24 Gold Mining
29:15 Wheelbarrow
29:55 Gold Shaft Mining
29:56 Bodkin Arrow
[PLGRS]SahaFresh
3:35 Loom
17:32 Feudal Age
19:43 Horse Collar
20:44 Fletching
29:48 Castle Age
28:16 Double-Bit Axe
32:08 Crossbowman
32:56 Thumb Ring
32:48 Bodkin Arrow
32:54 Padded Archer Armor
Connection lost

Rejoining the realm…

Still unreachable

The connection could not be restored.

Session expired

The server has moved on; the page needs a fresh start.